[Event "Team 45 45 League T42"]
[Site "Internet Chess Club"]
[Date "2009.08.16"]
[Round "3"]
[White "BigH"]
[Black "ddlj81"]
[Result "0-1"]
[WhiteElo "1711"]
[BlackElo "1844"]
[Opening "QGD Slav: 4.Nc3"]
[ECO "D15"]
[Time "14:14:13"]
[TimeControl "2700+45"]

1. Nf3 Nf6 2. c4 c6 3. d4 d5 4. Nc3 a6 5. c5 Nbd7 6. Bf4 Nh5 7. e3 Nxf4 8. exf4
Qc7 9. Ne5 g6 10. g3 f6 11. Nf3 Bg7 12. Bg2 e5 13. fxe5 fxe5 14. O-O O-O 15.
Nxe5 Nxe5 16. dxe5 Qxe5 17. Re1 Qf6 18. Qd2 Qd4 19. Qxd4 Bxd4 20. Re2 Bxc5 21.
Rc1 Ba7 22. Re7 Bxf2+ 23. Kh1 Bc5 24. Ree1 Bb4 25. Nxd5 cxd5 26. Bxd5+ Kg7 27.
Re4 Bd6 28. h4 Bf5 29. Re2 Rae8 30. Rg2 Bh3 31. Rgc2 b5 32. Rc6 Bxg3 33. h5 Rc8
{White resigns} 0-1

[Event "Team 45 45 League T42"]
[Site "Internet Chess Club"]
[Date "2009.08.15"]
[Round "3"]
[White "mongmong"]
[Black "abescac"]
[Result "0-1"]
[WhiteElo "1539"]
[BlackElo "1511"]
[Opening "Grünfeld: Makogonov variation"]
[ECO "D94"]
[Time "15:30:25"]
[TimeControl "2700+45"]

1. d4 Nf6 2. Nf3 g6 3. e3 Bg7 4. c4 O-O 5. Nc3 d5 6. b4 c6 7. a4 a5 8. b5 cxb5
9. cxb5 b6 10. Ba3 Bg4 11. Be2 Re8 12. O-O e6 13. Rc1 Nbd7 14. h3 Bxf3 15. Bxf3
Rc8 16. Qb3 Bf8 17. Bxf8 Nxf8 18. Rc2 Rc7 19. Rfc1 Qd6 20. Ne2 Rec8 21. Rc3 N8d7
22. Rxc7 Rxc7 23. Rxc7 Qxc7 24. Qc3 Qc4 25. Qxc4 dxc4 26. Nc3 Kf8 27. Be2 Nd5
28. Nxd5 exd5 29. e4 dxe4 30. Bxc4 Ke7 31. Kf1 f5 32. Bg8 Nf6 33. Bb3 Kd6 34.
Ke2 h6 35. f3 exf3+ 36. Kxf3 g5 37. g3 Nd5 38. Bc2 f4 39. gxf4 Nxf4 40. Kg4 Kd5
41. h4 Kxd4 42. hxg5 hxg5 43. Kxg5 Nd5 44. Kf5 Ne3+ 45. Ke6 Nxc2 46. Kd6 Nb4 47.
Kc7 Kc5 {White resigns} 0-1

[Event "Team 45 45 League T42"]
[Site "Internet Chess Club"]
[Date "2009.08.16"]
[Round "3"]
[White "katabatico"]
[Black "oldprez"]
[Result "1-0"]
[WhiteElo "1402"]
[BlackElo "1435"]
[Opening "Caro-Kann: Panov-Botvinnik attack, 5...g6"]
[ECO "B14"]
[Time "15:30:08"]
[TimeControl "2700+45"]

1. e4 c6 2. d4 d5 3. exd5 cxd5 4. c4 Nf6 5. Nc3 g6 6. Nf3 Bg7 7. cxd5 O-O 8. Bd3
Nbd7 9. d6 Re8 10. O-O exd6 11. Bc4 Nb6 12. Bb3 d5 13. Bg5 Nc4 14. Qc1 Qd7 15.
Ba4 Qf5 16. Bxe8 Nxe8 17. b3 Ncd6 18. Nh4 Qd7 19. Qd2 Ne4 20. Nxe4 dxe4 21. Be3
Nf6 22. Bh6 Bh8 23. Rad1 Qd5 24. Rfe1 Bg4 25. Rc1 Qh5 26. g3 Bh3 27. Qg5 Qg4 28.
Qxg4 Nxg4 29. Be3 Rd8 30. Rcd1 Bf6 31. d5 Ne5 32. Bf4 Bxh4 33. Bxe5 f6 34. Bb2
Bg4 35. Rd4 Bg5 36. Rexe4 f5 37. Re6 f4 38. Re1 Bf6 39. Rxf4 Bxb2 40. Rxg4 Rxd5
41. Kg2 Kg7 42. Re7+ Kh6 43. Rxb7 a5 44. Rh4+ Kg5 45. Rbxh7 Bf6 46. f4+ Kf5 47.
R4h6 Rd2+ 48. Kh3 Rd3 49. Ra7 g5 50. Rxa5+ Ke6 51. fxg5 {Black resigns} 1-0

[Event "Team 45 45 League T42"]
[Site "Internet Chess Club"]
[Date "2009.08.13"]
[Round "3"]
[White "reverendjim"]
[Black "Visin"]
[Result "1-0"]
[WhiteElo "1368"]
[BlackElo "1226"]
[Opening "QGD Slav: 3.Nf3"]
[ECO "D11"]
[Time "23:01:06"]
[TimeControl "2700+45"]

1. d4 d5 2. c4 c6 3. Nf3 h6 4. Nc3 Nf6 5. e3 Nbd7 6. Bd3 Nb6 7. cxd5 Nbxd5 8.
O-O e6 9. a3 Bd6 10. e4 Nxc3 11. bxc3 Be7 12. e5 Nd5 13. Bd2 b5 14. c4 bxc4 15.
Bxc4 O-O 16. Qb3 Bd7 17. Qd3 Nb6 18. Bb3 c5 19. Bc2 g6 20. Bxh6 Re8 21. dxc5
Bxc5 22. Bg5 Qc7 23. Bf6 Be7 24. Bb3 Bxf6 25. exf6 Rec8 26. Rac1 Qf4 27. Rxc8+
Rxc8 28. h3 Qxf6 29. Qa6 Rc7 30. Bd1 Qd8 31. Be2 Bc8 32. Qb5 Bb7 33. Rd1 Rc1 34.
Rxc1 Bxf3 35. Bxf3 Nd5 36. Bxd5 exd5 37. Rd1 d4 38. Qc4 Qa5 39. Rxd4 Qxa3 40.
Rd8+ Kh7 41. Qxf7+ Kh6 42. Rh8+ Kg5 43. f4# {Black checkmated} 1-0

[Event "Team 45 45 League T42"]
[Site "Internet Chess Club"]
[Date "2009.08.15"]
[Round "3"]
[White "otib2006"]
[Black "Cicero"]
[Result "1-0"]
[WhiteElo "1237"]
[BlackElo "1226"]
[Opening "King's Indian: East Indian defense"]
[ECO "A48"]
[Time "12:02:04"]
[TimeControl "2700+45"]

1. d4 Nf6 2. Nf3 g6 3. e3 Bg7 4. Bd3 d6 5. O-O O-O 6. c4 e5 7. b3 Nc6 8. Bb2 e4
9. d5 Ne7 10. Bxf6 Bxf6 11. Nd4 exd3 12. Qxd3 Nf5 13. Nxf5 Bxa1 14. Nh6+ Kg7 15.
Nc3 Kxh6 16. Rxa1 Kg7 17. Ne4 Bf5 18. Qd4+ Kh6 19. Ng3 Qd7 20. Qf4+ Kg7 21. e4
g5 22. Qxg5+ Bg6 23. Nh5+ Kh8 24. Qf6+ Kg8 25. Qg7# {Black checkmated} 1-0

[Event "Team 45 45 League T42"]
[Site "Internet Chess Club"]
[Date "2009.08.16"]
[Round "3"]
[White "fuzzface"]
[Black "GabGag"]
[Result "0-1"]
[WhiteElo "1369"]
[BlackElo "2013"]
[Opening "King's Indian defense, 3.Nc3"]
[ECO "E61"]
[Time "09:07:52"]
[TimeControl "2700+45"]

1. d4 Nf6 2. c4 g6 3. Nc3 Bg7 4. Bg5 O-O 5. Nf3 d6 6. h3 Nbd7 7. e4 e5 8. d5 a5
9. Be2 Nc5 10. O-O h6 11. Bxf6 Qxf6 12. Nh2 Qe7 13. f4 exf4 14. Qc2 Bd4+ 15. Kh1
Bxc3 16. bxc3 Qxe4 17. Qxe4 Nxe4 18. Rac1 g5 19. Rf3 f5 20. Re1 Bd7 21. Kg1 Rae8
22. Rd3 Ng3 23. Rd2 Re3 24. Nf1 Rxc3 25. Nxg3 Rxg3 26. Bf3 g4 27. hxg4 fxg4 28.
Be4 Bf5 29. Kf2 Re3 30. Rxe3 fxe3+ 31. Kxe3 Re8 32. Kf4 Rxe4+ 33. Kxf5 Rxc4 34.
Re2 Kf7 35. Re6 Rd4 36. Rxh6 Rxd5+ 37. Kxg4 Rd2 38. g3 b5 39. Rh7+ Ke6 40. Rxc7
Rxa2 41. Kg5 b4 42. Rh7 b3 43. Rh6+ Ke5 44. Rf6 b2 45. Rf5+ Kd4 46. Rf4+ Kc5 47.
Rf5+ d5 48. g4 b1=Q 49. Kg6 Rg2 50. g5 Rxg5+ 51. Kxg5 Qxf5+ 52. Kxf5 a4 {White
resigns} 0-1

[Event "Team 45 45 League T42"]
[Site "Internet Chess Club"]
[Date "2009.08.17"]
[Round "3"]
[White "KingOfHearts"]
[Black "milesotoole"]
[Result "1/2-1/2"]
[WhiteElo "1307"]
[BlackElo "1266"]
[Opening "Caro-Kann: advance variation"]
[ECO "B12"]
[Time "21:32:41"]
[TimeControl "2700+45"]

1. e4 c6 2. d4 d5 3. e5 Bf5 4. Nf3 e6 5. Nc3 f6 6. Be2 fxe5 7. Nxe5 Nd7 8. Nd3
Ngf6 9. O-O Bd6 10. Bf4 Bxf4 11. Nxf4 O-O 12. Bd3 Qb6 13. Bxf5 exf5 14. Ne6 Rfe8
15. Na4 Qa6 16. Nac5 Qb6 17. Na4 Qb5 18. c4 Qa5 19. b4 Qxb4 20. Nc7 Qxc4 21.
Nxa8 Rxa8 22. Re1 b5 23. Nb2 Qb4 24. Rb1 Qd6 25. Qc2 g6 26. h3 Rc8 27. Re3 Nb6
28. Rbe1 Nc4 29. Nxc4 dxc4 30. Rd1 Nd5 31. Rg3 Kf7 32. Rg5 Nb4 33. Rxf5+ gxf5
34. Qxf5+ Qf6 35. Qxc8 Nd3 36. Qb7+ Ke6 37. Qxc6+ Kf5 38. Qxf6+ Kxf6 39. Rb1 a6
40. Kf1 Ke6 41. Ke2 Kd5 42. Ke3 Nxf2 43. Kxf2 Kxd4 44. Ke2 Kc3 45. g4 Kc2 46.
Rd1 Kb2 47. Rd2+ Kb1 48. Kd1 b4 49. Rc2 b3 50. axb3 cxb3 51. Rc6 a5 52. Ra6 Kb2
53. Rxa5 Kc3 54. Rb5 b2 55. Rxb2 Kxb2 56. h4 Kc3 57. h5 Kd4 58. g5 Ke5 59. g6
hxg6 60. h6 Kf6 61. h7 Kg7 62. Ke2 Kxh7 63. Kf3 Kh6 64. Kg4 Kg7 65. Kg5 Kf7 66.
Kf4 Kf6 67. Kg4 g5 68. Kg3 Kf5 69. Kf3 g4+ 70. Kg3 Kg5 71. Kg2 Kh4 72. Kh2 Kg5
73. Kg3 Kf5 74. Kg2 Kf4 75. Kf2 Kg5 76. Kg3 Kf5 77. Kg2 Kf4 78. Kf2 g3+ 79. Kg2
Kg4 80. Kg1 Kh3 81. Kh1 Kg4 82. Kg2 Kf4 83. Kg1 Kf3 84. Kf1 Kg4 85. Kg2 Kf4 86.
Kg1 Kg4 87. Kg2 Kh4 88. Kg1 Kh3 89. Kh1 {Game drawn by mutual agreement} 1/2-1/2

[Event "Team 45 45 League T42"]
[Site "Internet Chess Club"]
[Date "2009.08.15"]
[Round "3"]
[White "Toalla"]
[Black "The-Capitalist"]
[Result "0-1"]
[WhiteElo "1240"]
[BlackElo "1309"]
[Opening "Caro-Kann: two knights, 3...Bg4"]
[ECO "B11"]
[Time "20:00:21"]
[TimeControl "2700+45"]

1. e4 c6 2. Nc3 d5 3. Nf3 Bg4 4. Be2 e6 5. exd5 cxd5 6. O-O Nc6 7. d4 Nf6 8. h3
Bxf3 9. Bxf3 Qb6 10. Ne2 Be7 11. c3 O-O 12. Rb1 Qa6 13. a3 Rac8 14. Bg5 Ne4 15.
Bxe7 Nxe7 16. Bxe4 dxe4 17. Ng3 f5 18. Qd2 Qd6 19. f4 exf3 20. Rxf3 e5 21. Rd1
e4 22. Qf4 Qxf4 23. Rxf4 g5 24. Rf2 e3 25. Rf3 f4 26. Nh5 Nf5 27. Re1 Nh4 28.
Rff1 Rc6 29. g3 Rh6 30. g4 Re6 31. Kh2 f3 32. Ng3 Ng2 33. Rc1 e2 {White resigns}
0-1

[Event "Team 45 45 League T42"]
[Site "Internet Chess Club"]
[Date "2009.08.13"]
[Round "3"]
[White "furrbrain"]
[Black "Newcastler"]
[Result "0-1"]
[WhiteElo "1158"]
[BlackElo "1241"]
[Opening "Sicilian: Smith-Morra gambit"]
[ECO "B21"]
[Time "20:01:21"]
[TimeControl "2700+45"]

1. e4 c5 2. d4 cxd4 3. c3 dxc3 4. Nxc3 Nc6 5. Nf3 e6 6. Bc4 d6 7. a3 Nf6 8. O-O
a6 9. b4 b5 10. Bb3 Be7 11. Bb2 O-O 12. Rc1 Bb7 13. Qe2 Rc8 14. Rfd1 e5 15. Nd5
Nxd5 16. Bxd5 Qd7 17. h3 Nd8 18. Qe3 Bxd5 19. Rxd5 Ne6 20. Nxe5 Qe8 21. Qg3 dxe5
22. Qxe5 Bf6 23. Rxc8 Qxc8 24. Qd6 Bxb2 25. Qg3 Nd4 26. Rg5 Ne2+ {White resigns}
0-1

[Event "Team 45 45 League T42"]
[Site "Internet Chess Club"]
[Date "2009.08.13"]
[Round "3"]
[White "thefranman"]
[Black "frankd"]
[Result "1-0"]
[WhiteElo "1401"]
[BlackElo "1523"]
[Opening "English: Anglo-Dutch defense"]
[ECO "A10"]
[Time "19:30:11"]
[TimeControl "2700+45"]

1. c4 f5 2. Nc3 Nf6 3. d3 g6 4. e3 Bg7 5. Nf3 d6 6. Be2 e5 7. Qc2 O-O 8. O-O c6
9. c5 Qe7 10. cxd6 Qxd6 11. a3 Be6 12. b4 e4 13. dxe4 Nxe4 14. Nxe4 fxe4 15. Nd4
Bd5 16. Bb2 Nd7 17. Rad1 Qe7 18. Bc4 Ne5 19. Be2 Rac8 20. Qd2 Nc4 21. Bxc4 Bxc4
22. Ne2 Rcd8 23. Qc2 Bd3 24. Qb3+ Qf7 25. Qxf7+ Rxf7 26. Bxg7 Kxg7 27. Rfe1 Rfd7
28. Nf4 Kf6 29. g3 g5 30. Nh5+ Kg6 31. g4 Bc4 32. Rxd7 Rxd7 33. Ng3 Bd3 34. Rd1
Rd5 35. h3 Kf6 36. Nf5 a5 37. Nd4 axb4 38. axb4 h6 39. Rd2 Ke5 40. f3 c5 41.
bxc5 Rxc5 42. fxe4 Kxe4 43. Kf2 Rc3 44. Nf5 b5 45. Rb2 Rc2+ 46. Rxc2 Bxc2 47.
Nd6+ Kd3 48. Nxb5 Ke4 49. Nd6+ Ke5 50. Nf7+ Kf6 51. Nxh6 Kg7 52. Nf5+ Kg6 53.
Nd4 Be4 54. Kg3 Bb7 55. Nf3 Ba8 56. h4 gxh4+ 57. Nxh4+ Kg5 58. Nf3+ Kg6 59. Kf4
Bb7 60. Nd4 Bc8 61. e4 Bd7 62. e5 Be8 63. Ne6 Ba4 64. Nc7 Kf7 65. g5 Bd7 66. Nd5
Be6 67. Ne3 Kg6 68. Nc2 Bb3 69. Nd4 Ba2 70. e6 Kg7 71. Ke5 Kf8 72. Kf6 Ke8 73.
g6 Kf8 74. g7+ Kg8 75. e7 Bf7 76. Nf5 {Black resigns} 1-0

[Event "Team 45 45 League T42"]
[Site "Internet Chess Club"]
[Date "2009.08.15"]
[Round "3"]
[White "cazj"]
[Black "Just-Jim"]
[Result "0-1"]
[WhiteElo "1306"]
[BlackElo "1402"]
[Opening "Petrov three knights game"]
[ECO "C42"]
[Time "11:32:16"]
[TimeControl "2700+45"]

1. e4 e5 2. Nf3 Nf6 3. Nc3 d6 4. Bc4 h6 5. O-O Be7 6. b3 a6 7. Bb2 Nbd7 8. d4
exd4 9. Qxd4 Nb6 10. Nd5 Nxc4 11. bxc4 O-O 12. Rab1 c5 13. Qc3 Be6 14. h3 b5 15.
cxb5 axb5 16. a3 Bxd5 17. exd5 Nh5 18. g4 Bf6 19. Qe3 Bxb2 20. Rxb2 Qf6 21. Rxb5
Nf4 22. h4 Nxd5 23. Qd3 Nf4 24. Qe3 Rfe8 25. Qb3 Ne2+ 26. Kg2 Re4 27. Kh3 Nc3
28. Nd2 Re2 29. Nc4 Nxb5 30. Qxb5 Qf3+ 31. Kh2 Qxg4 32. Nxd6 Qxh4+ 33. Kg2 Qg4+
34. Kh2 Rd8 35. Qxc5 Qf4+ 36. Kg2 Rxd6 37. Qc8+ Kh7 {White resigns} 0-1

[Event "Team 45 45 League T42"]
[Site "Internet Chess Club"]
[Date "2009.08.16"]
[Round "3"]
[White "taichichen"]
[Black "theartist"]
[Result "1-0"]
[WhiteElo "1215"]
[BlackElo "1105"]
[Opening "French: exchange variation"]
[ECO "C01"]
[Time "11:31:19"]
[TimeControl "2700+45"]

1. e4 e6 2. d4 d5 3. exd5 exd5 4. Nc3 Bb4 5. Nf3 Bxc3+ 6. bxc3 Nf6 7. Bg5 O-O 8.
Bd3 h6 9. Bh4 Bg4 10. O-O Nbd7 11. Bb5 c6 12. Ba4 Qa5 13. Bb3 Qxc3 14. Re1 Rfe8
15. Qd3 Qxd3 16. cxd3 Bxf3 17. gxf3 Rxe1+ 18. Rxe1 Re8 19. Rb1 Re2 20. a4 Rd2
21. a5 Rxd3 22. Ba4 Rxd4 23. Bxf6 Nxf6 24. Bc2 Rd2 25. Bf5 Ra2 26. Rxb7 Kf8 27.
Rxa7 c5 28. a6 Ne8 29. Ra8 Ke7 30. Bc8 Nc7 31. Ra7 Kd6 32. Rb7 Nxa6 33. Rb6+ Kc7
34. Rxa6 Rxa6 35. Bxa6 Kd6 36. Be2 c4 37. f4 Kc5 38. Kf1 d4 39. Ke1 d3 40. Bf1
Kd4 41. Bg2 c3 42. Bf3 d2+ 43. Kd1 Kd3 44. Be2+ Ke4 45. Kc2 Kd4 46. f5 g5 47. f6
Ke5 48. Kxc3 Kxf6 49. Kxd2 Ke5 50. Ke3 f5 51. Kf3 h5 52. Ke3 f4+ 53. Kd3 g4 54.
Bf1 h4 55. h3 g3 56. f3 Kd5 57. Bg2 Ke5 58. Kc4 Ke6 59. Kd4 Kf5 60. Kd5 Kf6 61.
Ke4 Kg5 62. Ke5 Kg6 63. Kxf4 Kh5 64. Kf5 Kh6 65. Kg4 Kg6 66. Kxh4 Kf5 67. Kxg3
{Black resigns} 1-0

[Event "Team 45 45 League T42"]
[Site "Internet Chess Club"]
[Date "2009.08.13"]
[Round "3"]
[White "oldsj"]
[Black "jacknor"]
[Result "1-0"]
[WhiteElo "1674"]
[BlackElo "1622"]
[Opening "Sicilian: dragon, Yugoslav attack, 9...Bd7"]
[ECO "B77"]
[Time "19:02:03"]
[TimeControl "2700+45"]

1. e4 c5 2. Nf3 d6 3. d4 cxd4 4. Nxd4 Nf6 5. Nc3 g6 6. Be3 Bg7 7. f3 O-O 8. Qd2
Nc6 9. Bc4 Bd7 10. Bb3 Rc8 11. h4 h5 12. Bh6 Ne5 13. Bxg7 Kxg7 14. O-O-O Nc4 15.
Qg5 Rc5 16. Nd5 Nxd5 17. exd5 a5 18. g4 hxg4 19. fxg4 e5 20. Nf5+ Bxf5 21. Qxd8
Rxd8 22. gxf5 gxf5 23. Rdg1+ Kh7 24. c3 Ne3 25. h5 Rg8 26. Rxg8 Kxg8 27. h6 Kh7
28. Ba4 b5 29. Bc2 Nxc2 30. Kxc2 Rxd5 31. Rh5 f4 32. Rf5 Kxh6 33. Rxf7 Kg6 34.
Rf8 Kg5 35. b3 e4 36. c4 bxc4 37. bxc4 Rc5 38. Rg8+ Kh4 39. Kc3 f3 40. Kd4 Re5
41. Ke3 Rc5 42. Kf4 Kh5 43. Kxe4 f2 44. Rf8 Rxc4+ 45. Kd3 Ra4 46. Rxf2 Kg5 47.
Kc3 d5 48. Rd2 Rc4+ 49. Kb2 d4 50. Kb3 Rb4+ 51. Kc2 Kf4 52. a3 Ra4 53. Kb3 Ke3
54. Rd1 Ke2 55. Rh1 Rxa3+ 56. Kxa3 Kd2 57. Kb2 a4 58. Rh2+ Kd3 59. Rh3+ Kc4 60.
Ra3 Kb4 61. Rd3 Kc4 62. Ra3 Kb4 63. Rd3 Kc4 64. Rh3 Kb4 65. Rh8 d3 66. Rh4+ Kb5
67. Rd4 {Black resigns} 1-0

[Event "Team 45 45 League T42"]
[Site "Internet Chess Club"]
[Date "2009.08.15"]
[Round "3"]
[White "smsxman"]
[Black "Berkshires"]
[Result "1-0"]
[WhiteElo "1527"]
[BlackElo "1594"]
[Opening "Four knights: Italian variation"]
[ECO "C28"]
[Time "13:01:09"]
[TimeControl "2700+45"]

1. e4 e5 2. Bc4 Nf6 3. Nc3 Nc6 4. Nf3 Be7 5. d3 O-O 6. O-O d6 7. Re1 Na5 8. Nd5
Nxc4 9. Nxe7+ Qxe7 10. dxc4 Bg4 11. h3 Be6 12. b3 c6 13. Bg5 Rad8 14. Qe2 Rfe8
15. Rad1 h6 16. Bxf6 Qxf6 17. Rd3 d5 18. exd5 cxd5 19. cxd5 Bxd5 20. Nxe5 Qe7
21. Re3 Be6 22. f4 Qf6 23. Qf2 b6 24. Ng4 Qe7 25. f5 Qc5 26. fxe6 fxe6 27. Rg3
Qxf2+ 28. Kxf2 Rf8+ 29. Kg1 Rd2 30. Rc1 h5 31. Ne5 Rff2 32. a4 Rxc2 33. Rxc2
Rxc2 34. Rd3 Rc5 35. Nf3 e5 36. b4 Rc1+ 37. Kf2 e4 38. Rd8+ Kf7 39. Ne5+ Ke7 40.
Rd4 e3+ 41. Kxe3 Re1+ 42. Kf4 Ke6 43. Nf3 Kf6 44. Nxe1 {Black resigns} 1-0

[Event "Team 45 45 League T42"]
[Site "Internet Chess Club"]
[Date "2009.08.13"]
[Round "3"]
[White "beerss"]
[Black "orrgroup"]
[Result "1/2-1/2"]
[WhiteElo "1407"]
[BlackElo "1353"]
[Opening "Caro-Kann defense"]
[ECO "B10"]
[Time "20:00:32"]
[TimeControl "2700+45"]

1. e4 c6 2. Nf3 d5 3. e5 Bg4 4. d4 e6 5. Be2 h6 6. O-O Ne7 7. Bd2 Nf5 8. Bc3 Be7
9. Nbd2 b5 10. a3 O-O 11. Nb3 a5 12. Qd2 Bxf3 13. Bxf3 Bg5 14. Qd1 Qb6 15. Nc5
Be7 16. b4 Bxc5 17. bxc5 Qd8 18. Bg4 Nh4 19. Bb2 a4 20. c3 f5 21. exf6 Qxf6 22.
Qe1 Re8 23. Bc1 Nd7 24. f4 Nf8 25. Qf2 Nfg6 26. Be3 Nf5 27. Rae1 Ra7 28. Bd2
Rae7 29. Bh5 Rf7 30. Bxg6 Qxg6 31. Re5 Qg4 32. Rfe1 Rf6 33. Qf1 Nh4 34. R1e2 Rg6
35. Kh1 Rf6 36. Rf2 Ng6 37. h3 Qh4 38. Ree2 Ref8 39. Rf3 Nxf4 40. Bxf4 Rxf4 41.
Ref2 Rxf3 42. Rxf3 Rxf3 43. Qxf3 Qe1+ 44. Kh2 Qc1 45. Qg3 Qxa3 46. Qb8+ Kf7 47.
Qc7+ Kf6 48. Qxc6 Qxc3 49. Qd6 a3 50. c6 a2 51. Qd8+ Kf5 52. c7 Qxc7+ 53. Qxc7
a1=Q 54. Qe5+ Kg6 55. Qxe6+ Kh7 56. Qf5+ Kg8 57. Qxd5+ Kf8 58. Qd8+ Kf7 59. Qd7+
Kf6 60. Qxb5 Qxd4 61. Qc6+ Kg5 62. Qc1+ Kf5 63. Qc8+ Ke4 64. Qg4+ Ke3 65. Qxd4+
Kxd4 66. Kg3 Ke4 67. Kg4 Ke5 68. Kh5 Kf6 69. g4 Kf7 70. h4 Kg8 71. Kg6 Kh8 72.
h5 Kg8 73. g5 hxg5 74. Kxg5 Kh7 75. Kg4 Kg8 76. Kg5 Kf7 77. h6 g6 78. h7 Kg7 79.
h8=Q+ Kxh8 80. Kxg6 {Game drawn because neither player has mating material}
1/2-1/2

[Event "Team 45 45 League T42"]
[Site "Internet Chess Club"]
[Date "2009.08.19"]
[Round "3"]
[White "DrOMM"]
[Black "chips"]
[Result "1-0"]
[WhiteElo "1262"]
[BlackElo "1207"]
[Opening "Sicilian: Taimanov variation"]
[ECO "B45"]
[Time "16:00:18"]
[TimeControl "2700+45"]

1. e4 c5 2. Nf3 Nc6 3. d4 cxd4 4. Nxd4 e6 5. Nc3 Nxd4 6. Qxd4 Qc7 7. Be3 Qd6 8.
O-O-O Qxd4 9. Bxd4 Ne7 10. h4 Nc6 11. Be3 a6 12. h5 h6 13. a3 d6 14. g4 e5 15.
f3 Be7 16. Rg1 Be6 17. g5 O-O-O 18. gxh6 gxh6 19. Nd5 Kb8 20. b4 Rdg8 21. Rxg8+
Rxg8 22. Nxe7 Nxe7 23. Rxd6 Nc6 24. Bxh6 Rh8 25. Be3 Rxh5 26. Kb2 Rh1 27. Bxa6
Kc7 28. Bc5 Rh3 29. Be2 b6 30. b5 Bd7 31. bxc6 Bxc6 32. Rf6 bxc5 33. Rxf7+ Kd6
34. Rf6+ Kc7 35. Kc3 Bxe4 36. Kc4 Bc6 37. Kxc5 {Black resigns} 1-0

[Event "Team 45 45 League T42"]
[Site "Internet Chess Club"]
[Date "2009.08.15"]
[Round "3"]
[White "damnwrite"]
[Black "MeansToAnEnd"]
[Result "1-0"]
[WhiteElo "1165"]
[BlackElo "1109"]
[Opening "King's pawn game"]
[ECO "C44"]
[Time "14:59:49"]
[TimeControl "2700+45"]

1. e4 e5 2. Nf3 Nc6 3. d3 Nf6 4. Be3 Ng4 5. Bg5 f6 6. Bh4 Bc5 7. d4 Nxd4 8. Nxd4
Bxd4 9. Qxg4 d6 10. Qxg7 Bxb2 11. Qxh8+ Kd7 12. Qxd8+ Kxd8 13. Bxf6+ Kd7 14. Bc4
Bxa1 15. O-O Bb2 16. Nd2 Bc3 17. Nf3 Kc6 18. Bd5+ Kb6 19. Rb1+ Ka6 20. Bc4+ Ka5
21. Rb5+ Ka4 22. Rb3 Bb4 23. c3 Bxc3 24. Rxc3 Kb4 25. Rc1 b5 26. Bd5 Rb8 27.
Rxc7 Ka3 {Black resigns} 1-0

[Event "Team 45 45 League T42"]
[Site "Internet Chess Club"]
[Date "2009.08.15"]
[Round "3"]
[White "jjaillet2007"]
[Black "xlxe5"]
[Result "0-1"]
[WhiteElo "1246"]
[BlackElo "1379"]
[Opening "QGD: semi-Slav"]
[ECO "D31"]
[Time "19:00:24"]
[TimeControl "2700+45"]

1. d4 e6 2. c4 d5 3. Nc3 c6 4. cxd5 cxd5 5. Nf3 Nf6 6. Bg5 Nbd7 7. e3 Be7 8. Bd3
Qb6 9. Qb3 Qxb3 10. axb3 O-O 11. O-O h6 12. Bh4 Re8 13. Rfe1 Nb6 14. Nb5 Bd8 15.
Rxa7 Rxa7 16. Nxa7 Bd7 17. Bb5 Bxb5 18. Nxb5 Ne4 19. Bxd8 Rxd8 20. Ne5 Nd2 21.
b4 Nbc4 22. Nxc4 Nxc4 23. b3 Nd2 24. Rc1 Nxb3 25. Rc7 b6 26. Rc6 Ra8 27. h4 Ra1+
28. Kh2 Ra2 29. Kg3 Nd2 30. Rxb6 Nf1+ 31. Kf3 Nh2+ 32. Kg3 Nf1+ 33. Kf3 Rb2 34.
Nc7 Nd2+ 35. Kg3 Ne4+ 36. Kh2 Rxf2 37. Rb8+ Kh7 38. b5 Re2 39. b6 Rxe3 40. b7
Rb3 41. Ne8 Kg6 42. g4 Nf2 43. h5+ Kg5 44. Nd6 Nxg4+ 45. Kg2 Ne3+ 46. Kf2 Nf5
47. Nxf7+ Kxh5 48. Ne5 Nxd4 49. Nd7 Nc6 50. Rg8 Rxb7 51. Rxg7 Rb2+ 52. Ke3 Rb4
53. Nf6+ Kh4 54. Rh7 Ne5 55. Ne8 Ng4+ 56. Kd3 e5 57. Nd6 Rb3+ 58. Kc2 Rf3 59.
Kd2 Rf2+ 60. Ke1 Kg3 61. Nf7 Rh2 62. Rg7 Kf3 63. Nd6 Ke3 64. Nf5+ Ke4 65. Ng3+
Kf3 66. Nf1 Re2+ 67. Kd1 Ne3+ 68. Nxe3 Kxe3 69. Rg3+ Kf4 70. Rh3 Re3 71. Rxh6 d4
72. Kd2 e4 73. Rh4+ Kf3 74. Rh3+ Kf2 75. Rh2+ Kg3 76. Re2 Rxe2+ 77. Kxe2 Kf4 78.
Kf2 d3 79. Ke1 Ke3 80. Kd1 Kf2 81. Kd2 e3+ 82. Kxd3 e2 83. Kd2 e1=Q+ 84. Kd3 Qe5
85. Kc4 Qd6 86. Kb5 Qc7 87. Kb4 Qc6 88. Kb3 Qc5 89. Ka4 Qb6 90. Ka3 Ke3 91. Ka4
Kd3 92. Ka3 Kc3 93. Ka4 Qb4# {White checkmated} 0-1

[Event "Team 45 45 League T42"]
[Site "Internet Chess Club"]
[Date "2009.08.17"]
[Round "3"]
[White "kingsrook"]
[Black "cobbler"]
[Result "0-1"]
[WhiteElo "1273"]
[BlackElo "1233"]
[Opening "King's Indian: London system"]
[ECO "A48"]
[Time "15:00:17"]
[TimeControl "2700+45"]

1. d4 Nf6 2. Nf3 g6 3. Bf4 Bg7 4. h3 O-O 5. e3 d5 6. c4 c6 7. Nc3 Bf5 8. Qb3 b6
9. Rc1 Nbd7 10. Be2 Nh5 11. Bh2 Nhf6 12. O-O Ne4 13. cxd5 Nxc3 14. Rxc3 cxd5 15.
Qxd5 Be6 16. Qe4 Bxa2 17. b3 Rc8 18. Ra1 Rxc3 19. Rxa2 Nf6 20. Qb1 a5 21. Bc4
Nd5 22. Qb2 Nb4 23. Ra1 Rc2 24. Qb1 Qc8 25. Ne1 Rxc4 26. bxc4 Qxc4 27. Nf3 Rc8
28. Ne1 Bf6 29. g4 e6 30. Bg3 Bd8 31. h4 Nc2 32. Nxc2 Qxc2 33. Qb5 Qc6 34. Qb1
Qc2 35. Qb5 Bc7 36. Bxc7 Qxc7 37. h5 gxh5 38. Qxh5 Kh8 39. Kh1 Qc6+ 40. Kg1 Qf3
41. Qe5+ Kg8 42. Qg5+ Kf8 43. Qh6+ Ke7 44. Qg5+ Qf6 45. Qh5 Qg6 46. Qh4+ Kd7 47.
Qg3 Rg8 48. f3 Rc8 49. Qh4 Rc3 50. Qe1 Qd3 51. Kf2 Qc2+ 52. Kf1 Rd3 53. Qe2 Qc3
54. Re1 Ke7 55. Qf2 Rd2 56. Re2 Rxe2 57. Qxe2 Qc1+ 58. Kf2 Qh1 59. Qb5 Qh2+ 60.
Kf1 Qh3+ 61. Kf2 Qh2+ 62. Kf1 Qc7 63. Qg5+ Kd7 64. Qg7 Qc1+ 65. Kf2 Qd2+ 66. Kg3
Qxe3 67. Qxf7+ Kd6 68. Qxh7 Qe1+ 69. Kf4 e5+ 70. dxe5+ Qxe5# {White checkmated}
0-1

[Event "Team 45 45 League T42"]
[Site "Internet Chess Club"]
[Date "2009.08.17"]
[Round "3"]
[White "joaoazm"]
[Black "WzeroMN"]
[Result "1-0"]
[WhiteElo "1191"]
[BlackElo "1187"]
[Opening "King's pawn game"]
[ECO "C44"]
[Time "20:00:32"]
[TimeControl "2700+45"]

1. e4 e5 2. Nf3 Nc6 3. d3 d6 4. Nc3 Bg4 5. Be2 Nf6 6. h3 Bh5 7. g4 Bg6 8. Bg5 h6
9. Bxf6 gxf6 10. Qd2 Ne7 11. O-O-O Bg7 12. Kb1 Qd7 13. Nh2 O-O-O 14. f4 Nc6 15.
f5 Bh7 16. Nf3 Bg8 17. d4 h5 18. d5 Ne7 19. gxh5 Rxh5 20. Nxe5 Bh6 21. Nxd7 Bxd2
22. Bxh5 Bxc3 23. bxc3 Rxd7 24. Bg4 c6 25. c4 cxd5 26. cxd5 Rc7 27. Rd4 Kb8 28.
h4 Nc8 29. h5 Nb6 30. h6 Bh7 31. Rc1 Nc4 32. Be2 Rc5 33. Bxc4 {Black resigns}
1-0

[Event "Team 45 45 League T42"]
[Site "Internet Chess Club"]
[Date "2009.08.16"]
[Round "3"]
[White "bowwrestler"]
[Black "PsyMar"]
[Result "0-1"]
[WhiteElo "1012"]
[BlackElo "1103"]
[Opening "Scotch gambit"]
[ECO "C44"]
[Time "14:00:07"]
[TimeControl "2700+45"]

1. e4 e5 2. Nf3 Nc6 3. d4 exd4 4. Bc4 Bc5 5. c3 dxc3 6. Nxc3 Qf6 7. Bg5 Qg6 8.
Qd2 Nge7 9. Nh4 Qd6 10. O-O O-O 11. Rad1 Qxd2 12. Rxd2 Kh8 13. Nd5 f6 14. Nxe7
fxg5 15. Nhf5 Nxe7 16. Nxe7 Bxe7 17. Rc1 Bc5 18. Bb3 b6 19. Bd5 c6 20. Bb3 Ba6
21. Rcc2 Rae8 22. Rxd7 Rxe4 23. Rxa7 Re1# {White checkmated} 0-1